Map: Rohana LE

Players

wardice - Winner!

  • Race: Terran Terran
  • Spawn Location: 9:00

Pakowa - Winner!

  • Race: Terran Terran
  • League: Master
  • Spawn Location: 11:00

Ekelpack

  • Race: Zerg Zerg
  • Spawn Location: 5:00

Nyck

  • Race: Terran Terran
  • Spawn Location: 3:00

VOD

Have the link to the VOD?

Description

Time

  • Played on: April 18, 2025, 4:59 p.m.
  • Length: 21:08
Show
View Real Time Build Order
Export as new Build Order

wardice Terran - Winner!

Build Orders: 1/1/1 

Get SALT Encoding   

  12  0:04  SCV  
  13  0:16  SCV  
  14  0:22  Supply Depot  
  14  0:25  Refinery  
  14  0:28  SCV  
  15  0:44  SCV  
  15  0:46  Barracks  
  16  0:52  Refinery  
  16  1:01  SCV  
  17  1:14  SCV  
  18  1:34  Orbital Command  
  18  1:37  Factory  
  18  1:42  Barracks Reactor  
  18  1:50  Supply Depot  
  18  2:00  SCV  
  19  2:12  SCV  
  20  2:19  Marine x2  
  20  2:22  Starport  
  22  2:25  Factory Tech Lab  
  22  2:28  Supply Depot  
  22  2:30  SCV  
  22  2:36  Marine  
  22  2:37  Marine  
  23  2:43  SCV  
  26  2:49  Siege Tank  
  29  2:56  SCV  
  29  2:57  Marine  
  31  3:01  Medivac  
  33  3:08  SCV  
  33  3:12  Supply Depot  
  34  3:15  Marine  
  35  3:22  Siege Tank  
  35  3:25  Marine  
  39  3:33  Medivac  
  39  3:34  SCV  
  42  3:46  SCV  
  42  3:47  Marine x2  
  45  3:58  SCV  
  46  4:07  Command Center  
  46  4:08  Marine  
  47  4:15  Starport Reactor  
  47  4:19  Supply Depot  
  47  4:33  Supply Depot  
  47  4:40  Siege Tank, Marine, SCV  
  47  4:44  Marine  
  53  4:58  Marine  
  54  5:07  Marine  
  54  5:10  SCV  
  54  5:13  Siege Tank  
  48  5:28  Orbital Command  
  48  5:31  Marine  
  49  5:36  Barracks  
  49  5:37  Barracks  
  49  5:39  Barracks  
  49  5:40  Barracks  
  49  5:41  Engineering Bay  
  49  5:44  Engineering Bay  
  49  5:45  Orbital Command  
  49  5:59  SCV  
  50  6:07  Marine  
  51  6:11  SCV  
  52  6:22  SCV  
  53  6:27  SCV  
  53  6:28  Terran Infantry Weapons Level 1, Terran Infantry Armor Level 1  
  54  6:35  Supply Depot  
  54  6:36  Supply Depot  
  54  6:37  Refinery  
  54  6:38  Refinery  
  54  6:47  Armory  
  54  6:53  SCV x2  
  56  6:55  Supply Depot  
  56  6:56  Marine  
  56  6:57  Supply Depot  
  56  6:59  Barracks Tech Lab  
  56  7:00  Barracks Reactor, Barracks Tech Lab  
  56  7:01  Barracks Reactor  
  57  7:05  SCV x2  
  59  7:19  Supply Depot  
  57  7:23  Marauder, Marine  
  60  7:31  Missile Turret  
  60  7:32  Missile Turret  
  60  7:34  Missile Turret, SCV  
  60  7:35  Marine x2, SCV  
  60  7:36  Terran Vehicle Weapons Level 1  
  64  7:41  Marine  
  64  7:42  Stimpack, Combat Shield  
  65  7:45  Marauder  
  65  7:47  SCV  
  65  7:50  Missile Turret, Marine  
  69  7:52  Missile Turret  
  69  7:54  Missile Turret  
  69  8:00  Supply Depot  
  69  8:01  Supply Depot  
  69  8:03  SCV  
  70  8:15  Missile Turret  
  70  8:21  Armory  
  70  8:22  SCV x2  
  72  8:34  SCV  
  73  8:38  SCV  
  74  8:46  SCV  
  74  8:48  Command Center  
  75  8:51  Barracks x2  
  75  8:53  SCV  
  76  8:56  Command Center  
  76  8:58  SCV  
  76  8:59  Marine x3  
  76  9:01  Marine x2  
  67  9:37  Marine x3  
  67  9:38  Marauder  
  64  9:47  Medivac x2  
  64  9:48  Marauder  
  64  9:50  Barracks Reactor x2  
  68  10:01  Marauder, Marine x4  
  68  10:05  Orbital Command  
  73  10:09  Marauder  
  76  10:22  Orbital Command  
  76  10:24  Medivac x2  
  76  10:25  Marine  
  80  10:33  Marauder, Marine  
  83  10:36  Marauder, Marine x5  
  83  10:37  Marine x3  
  83  10:38  SCV x2  
  83  10:41  Terran Infantry Weapons Level 2  
  83  10:42  Marine  
  95  10:48  Missile Turret  
  96  10:50  SCV  
  96  10:51  Marine  
  96  10:54  Marauder  
  96  10:56  Orbital Command, Terran Vehicle Weapons Level 2  
  100  10:57  Marauder  
  102  11:05  Siege Tank  
  102  11:07  Liberator x2  
  102  11:09  Marine  
  112  11:14  Orbital Command  
  112  11:16  Marauder  
  112  11:41  SCV x4  
  116  11:48  Missile Turret  
  116  11:50  Missile Turret  
  116  11:52  Missile Turret  
  116  11:53  SCV x2  
  118  11:54  Marauder, Marine x2  
  118  11:56  Missile Turret  
  118  11:57  SCV x2  
  124  12:05  SCV  
  125  12:12  SCV x2  
  127  12:16  Missile Turret  
  127  12:18  Marine  
  127  12:19  Marine x5  
  133  12:25  Marine x3  
  133  12:26  Marauder, Marine x2  
  140  12:36  Marine x2  
  140  12:37  Marine x2  
  142  12:41  Marine x2  
  142  12:43  Marine x4  
  152  12:44  Marauder  
  152  12:46  Marine  
  139  12:52  SCV x4  
  139  12:54  Marine x4  
  135  12:58  Marine  
  135  12:59  Marine  
  135  13:01  Marine x2  
  135  13:03  Marine x2  
  135  13:04  SCV x3  
  135  13:05  Marauder x2, SCV  
  134  13:12  Marine x4  
  134  13:16  Missile Turret, Marine x2, SCV x3  
  134  13:18  Terran Infantry Armor Level 2, Missile Turret  
  134  13:19  Marine x2  
  143  13:20  Terran Infantry Weapons Level 3  
  143  13:21  Terran Vehicle And Ship Armor Level 1, Marine  
  143  13:24  Supply Depot  
  143  13:26  Supply Depot x2, Marauder, Marine x2  
  148  13:27  Supply Depot  
  148  13:28  Siege Tank  
  148  13:30  Marine x3  
  148  13:33  Marine  
  155  13:34  Marine  
  155  13:38  Refinery  
  155  13:39  Refinery  
  156  13:42  Supply Depot  
  156  13:44  Supply Depot  
  156  13:45  Concussive Shells  
  156  13:46  Marauder, Marine x3  
  156  13:48  Supply Depot x2, Marauder  
  163  13:49  Missile Turret  
  163  13:54  Starport x2  
  163  13:56  Terran Ship Weapons Level 1  
  163  14:05  Missile Turret  
  163  14:06  Missile Turret  
  163  14:08  Missile Turret  
  163  14:09  Marauder, Marine x3  
  168  14:10  Medivac x2  
  172  14:20  Refinery  
  172  14:21  Refinery  
  172  14:24  SCV x2  
  174  14:40  Medivac x2  
  178  14:47  Marine x3  
  178  14:48  Marauder, Marine x2  
  178  14:49  Marauder, Marine x5  
  192  15:05  Marine x4  
  192  15:06  Marine  
  192  15:07  Marine x3  
  200  15:20  Viking  
  198  15:23  Marine  
  198  15:25  Viking  
  138  15:38  Marauder, Marine x4  
  138  15:39  Marauder, Marine x2  
  138  15:40  Viking  
  138  15:41  Starport Reactor  
  140  15:42  SCV  
  140  15:43  SCV  
  140  15:44  SCV  
  142  15:50  Supply Depot  
  142  15:51  Supply Depot  
  142  15:55  Viking  
  139  16:07  Marine  
  139  16:08  Marine x4  
  139  16:09  Marauder  
  138  16:12  Terran Infantry Armor Level 3  
  136  16:22  Starport Reactor  
  136  16:24  SCV  
  136  16:25  SCV x3  
  140  16:27  Marine x6  
  140  16:28  Marauder  
  140  16:31  Viking x3  
  154  16:40  Viking  
  154  16:41  Marine  
  154  16:42  Marauder, Marine  
  160  16:48  Marine x2  
  160  16:49  Marauder, Marine x2  
  165  17:01  Viking x3  
  165  17:03  Marauder  
  165  17:05  Viking x2  
  171  17:10  Viking  
  161  17:18  Marauder, Marine x5  
  161  17:19  Marine x3  
  171  17:24  Marauder  
  173  17:30  Terran Ship Weapons Level 2  
  173  17:31  Viking x3  
  173  17:35  Viking x2  
  183  17:40  Viking  
  183  17:44  Terran Vehicle And Ship Armor Level 2  
  185  17:48  Hi-Sec Auto Tracking  
  185  18:01  Viking x3  
  185  18:05  Viking x2  
  195  18:10  Viking  
  197  18:15  Marine x3  
  179  18:31  Viking x3  
  159  18:34  Viking  
  159  18:35  Viking  
  159  18:37  Marauder, Marine  
  159  18:40  Viking  
  167  18:42  Marine x3  
  167  18:43  Marauder, Marine x3  
  167  18:44  Marine x3  
  173  18:55  Marine  
  161  18:59  Marauder  
  161  19:00  Marine x3  
  161  19:01  Marine x5  
  161  19:02  Marine  
  163  19:05  Marauder  
  158  19:13  Marine  
  158  19:18  Marine x3  
  158  19:19  Marine x5  
  158  19:20  Marauder  
  158  19:21  Marine  
  166  19:26  Marauder  
  166  19:28  Medivac x3  
  166  19:31  Marine  
  173  19:36  Marine x5  
  173  19:37  Marine x3  
  181  19:39  Marine  
  181  19:42  Marauder  
  184  19:47  Marauder  
  184  19:48  Marine  
  187  19:53  Viking x2  
  187  19:54  Viking, Marine x5  
  187  19:55  Marine x2  
  198  20:03  Marauder  
  198  20:06  Marine  
  196  20:09  Marauder  
  196  20:11  Marine x2  
  200  20:43  Command Center  
Show
View Real Time Build Order
Export as new Build Order

Pakowa Terran - Winner!

Build Orders:  

Get SALT Encoding   

  12  0:00  SCV  
  13  0:13  SCV  
  14  0:19  Supply Depot  
  14  0:26  SCV  
  15  0:30  Refinery  
  15  0:40  SCV  
  16  0:45  Barracks  
  16  0:52  SCV  
  17  1:03  Supply Depot  
  17  1:05  Refinery  
  17  1:09  SCV  
  18  1:21  SCV  
  19  1:37  Factory  
  19  1:43  SCV  
  19  1:44  Barracks Reactor  
  20  1:55  SCV  
  21  2:07  SCV  
  22  2:29  Barracks  
  22  2:33  Starport  
  22  2:35  Hellion x2  
  26  2:39  Marine  
  26  2:42  Orbital Command  
  27  2:48  Supply Depot  
  29  2:58  Hellion  
  29  3:04  Hellion  
  31  3:09  Marine  
  32  3:17  Supply Depot  
  32  3:20  Barracks Tech Lab  
  32  3:25  Medivac  
  35  3:46  Combat Shield  
  35  3:48  SCV  
  35  3:52  Engineering Bay  
  35  3:54  Widow Mine  
  37  3:56  Marine x2  
  37  4:01  Medivac  
  41  4:13  SCV  
  41  4:25  SCV  
  38  4:37  SCV  
  37  4:44  Marauder, Marine x2  
  39  4:47  Terran Infantry Weapons Level 1  
  39  4:49  SCV  
  40  4:59  Refinery  
  38  5:00  Command Center  
  38  5:02  Marine  
  38  5:05  Marine x2  
  38  5:20  Marine  
  37  5:23  Marine x2  
  38  5:38  Marine  
  38  5:40  Stimpack  
  39  5:45  Barracks  
  39  5:48  Marine  
  39  5:49  Marauder  
  42  5:55  SCV  
  43  6:03  Missile Turret  
  43  6:07  SCV  
  43  6:11  Supply Depot  
  44  6:19  Marauder, Marine  
  47  6:26  SCV  
  47  6:30  Engineering Bay  
  48  6:38  Armory  
  48  6:44  Starport Reactor  
  48  6:46  Barracks Tech Lab  
  48  6:56  Missile Turret, SCV  
  50  7:08  SCV  
  51  7:12  Orbital Command  
  50  7:16  Refinery  
  50  7:20  SCV  
  51  7:23  Missile Turret  
  51  7:28  Missile Turret  
  51  7:32  SCV  
  51  7:36  Terran Infantry Weapons Level 2  
  52  7:41  Missile Turret, Hi-Sec Auto Tracking  
  51  7:44  SCV  
  51  7:52  Missile Turret  
  51  7:58  Terran Vehicle And Ship Armor Level 1  
  51  8:01  Missile Turret  
  51  8:08  Missile Turret  
  51  8:12  Missile Turret, Marine  
  51  8:13  Marauder, Marine x2  
  56  8:21  Missile Turret, SCV  
  57  8:30  Missile Turret, Marine x2  
  57  8:31  Medivac  
  61  8:34  SCV x2  
  63  8:48  Marine x3  
  64  8:49  Marine  
  64  8:52  Widow Mine  
  64  8:54  SCV x2  
  70  9:01  Missile Turret  
  63  9:06  SCV x2  
  63  9:09  Marauder, Marine x2  
  71  9:10  Marauder  
  71  9:14  Widow Mine  
  73  9:27  Marine x2  
  73  9:30  Marine  
  73  9:31  Marauder  
  72  9:44  Marine  
  72  9:45  Marine  
  74  9:49  Marauder  
  74  9:52  Marauder  
  78  10:02  Barracks  
  78  10:06  Supply Depot  
  78  10:10  Marauder, Terran Infantry Armor Level 1, Marine x2, SCV x2  
  78  10:14  Marauder  
  86  10:22  SCV x2  
  86  10:27  Marine  
  89  10:34  SCV  
  89  10:51  Missile Turret  
  89  10:57  Missile Turret  
  89  11:02  Supply Depot  
  89  11:23  Missile Turret  
  89  11:24  Supply Depot  
  89  11:28  Barracks Reactor, Marine x3  
  89  11:29  Marine  
  93  11:35  Medivac x2  
  93  11:38  Terran Infantry Weapons Level 3  
  97  11:42  Missile Turret  
  97  11:46  Marine x4  
  78  12:03  Command Center  
  78  12:04  Marine x4  
  60  12:21  Neosteel Armor, Marine  
  60  12:22  Marauder, Marine  
  64  12:23  Marauder  
  64  12:25  Marine x2  
  64  12:29  Widow Mine  
  68  12:37  Medivac x2  
  68  12:39  Marine x2  
  68  12:43  SCV x2  
  80  12:44  Marauder x2  
  80  12:52  Marine x2  
  82  13:02  Marine x2  
  82  13:03  Missile Turret  
  82  13:05  Marauder, Marine  
  87  13:10  Marine x2  
  89  13:20  Marine x2  
  89  13:22  Missile Turret  
  89  13:23  Marauder  
  89  13:26  Marine  
  89  13:28  Marine x2  
  77  13:38  Marine x2  
  77  13:41  SCV x2  
  80  13:43  Planetary Fortress  
  80  13:44  Marauder  
  80  13:45  Marauder  
  80  13:46  Marine x2  
  86  13:49  Missile Turret  
  86  13:53  Refinery, SCV  
  87  13:56  Refinery  
  87  14:04  Missile Turret  
  87  14:06  Marine  
  87  14:07  Marine x5  
  93  14:11  Missile Turret  
  93  14:15  Terran Infantry Armor Level 2  
  93  14:24  Marine x4  
  93  14:25  Marine  
  98  14:34  Medivac x2  
  98  14:35  Marine  
  103  14:42  Marine x4  
  103  14:45  Marine  
  107  14:47  SCV x3  
  111  14:53  Marine  
  111  14:59  SCV  
  105  15:00  Marine  
  105  15:05  Marine x2, Command Center  
  105  15:06  Marine x2  
  110  15:08  Medivac  
  110  15:09  Medivac  
  110  15:10  Marine  
  110  15:12  Terran Vehicle And Ship Armor Level 2  
  115  15:17  Supply Depot, Marine  
  115  15:20  Missile Turret  
  115  15:21  Concussive Shells  
  116  15:23  Marine  
  117  15:30  Marine x2  
  117  15:31  Marine x2  
  117  15:35  Marine  
  121  15:38  Medivac x2  
  121  15:41  Supply Depot, Marine  
  117  15:48  Marine x2  
  117  15:49  Marine x2  
  121  15:55  Widow Mine  
  123  15:59  SCV x3  
  126  16:06  Barracks  
  127  16:11  Marine x2, SCV x3  
  127  16:12  Marauder x2, Marine  
  127  16:16  Widow Mine  
  138  16:20  Missile Turret  
  138  16:33  Marauder  
  138  16:39  Missile Turret  
  140  16:44  Marine x5  
  140  16:45  Medivac x2  
  149  16:54  Marine  
  149  16:59  Missile Turret  
  150  17:01  Marine  
  150  17:02  Marine x4  
  150  17:04  Marine  
  141  17:12  Marine  
  131  17:19  Marine  
  131  17:20  Missile Turret, Marine x4  
  131  17:22  Marine  
  97  17:30  Marine  
  97  17:35  Planetary Fortress  
  98  17:37  Marine  
  98  17:38  Marine x4  
  98  17:39  Missile Turret  
  98  17:40  Marine  
  98  17:41  Missile Turret  
  104  17:47  Marine  
  105  17:53  Refinery  
  105  17:55  Refinery, Marine x5  
  105  17:58  Marine  
  111  18:05  Marine  
  108  18:13  Marine x5  
  108  18:16  Marine  
  105  18:23  Marine  
  91  18:30  Marine  
  91  18:31  Marine x4  
  91  18:33  Marine  
  91  18:41  Marine  
  80  18:48  Marine  
  80  18:49  Marauder, Marine  
  80  18:50  Marine  
  80  18:51  Marine  
  81  18:59  Marauder  
  62  19:45  Command Center  
  48  20:36  Missile Turret  
  48  20:38  Marine  
  48  20:39  Marine x6  
Show
View Real Time Build Order
Export as new Build Order

Ekelpack Zerg 

Build Orders: Hatch First 

Get SALT Encoding   

  12  0:00  Drone  
  13  0:12  Overlord  
  13  0:16  Drone  
  14  0:30  Drone  
  14  0:31  Drone  
  14  0:34  Drone  
  17  0:51  Hatchery  
  17  0:53  Drone  
  17  0:56  Extractor  
  16  1:00  Drone  
  17  1:15  Spawning Pool  
  17  1:16  Drone  
  17  1:21  Drone  
  18  1:28  Drone  
  19  1:38  Drone  
  20  2:02  Queen  
  20  2:03  Queen, Metabolic Boost  
  20  2:06  Drone  
  25  2:08  Drone  
  26  2:19  Zergling x4  
  28  2:33  Overlord  
  28  2:40  Lair  
  28  2:41  Overlord  
  28  2:58  Drone x2  
  28  3:00  Drone x3  
  28  3:04  Extractor  
  32  3:06  Drone  
  32  3:11  Drone x2  
  32  3:12  Drone x2  
  37  3:15  Drone, Extractor  
  37  3:17  Drone x2  
  37  3:18  Drone  
  40  3:39  Drone x2  
  42  3:41  Extractor  
  41  4:03  Drone x3  
  44  4:10  Spire  
  44  4:14  Overlord x3  
  43  4:25  Zergling x2  
  42  4:56  Zergling x2  
  42  4:57  Zergling x20  
  52  5:05  Zergling x6  
  50  5:23  Zerg Flyer Weapons Level 1  
  50  5:31  Hatchery  
  50  5:34  Mutalisk x3  
  55  5:57  Overlord x2  
  55  5:58  Overlord  
  55  6:12  Mutalisk x3  
  61  6:40  Mutalisk  
  61  6:41  Mutalisk x5  
  73  7:24  Zerg Flyer Armor Level 1  
  73  7:31  Zergling x2  
  73  7:32  Zergling x22  
  85  8:04  Lair  
  85  8:08  Overlord x2, Zergling x2  
  85  8:09  Overlord, Zergling x6  
  85  8:10  Hatchery, Zergling x4  
  90  8:39  Drone x4  
  90  8:40  Drone, Evolution Chamber  
  90  8:41  Evolution Chamber  
  62  9:34  Mutalisk x8  
  62  9:35  Mutalisk x8  
  77  10:07  Zerg Ground Armor Level 1, Zerg Melee Weapons Level 1  
  77  10:12  Infestation Pit  
  77  10:13  Zergling x2  
  77  10:14  Zergling x16  
  77  10:16  Queen  
  87  10:25  Drone x4  
  91  10:45  Drone x5  
  91  10:49  Hive  
  96  10:57  Extractor  
  95  10:58  Extractor  
  95  11:01  Zergling x2  
  95  11:02  Zergling x12  
  101  11:26  Mutalisk  
  101  11:27  Mutalisk x6  
  115  11:42  Zergling x12  
  115  11:43  Overlord, Zergling x2  
  86  12:04  Drone x8  
  90  12:16  Drone x4  
  94  12:25  Zerg Melee Weapons Level 2  
  94  12:26  Zerg Ground Armor Level 2  
  94  12:32  Ultralisk Cavern  
  73  12:55  Zergling x12  
  73  12:57  Adrenal Glands  
  67  13:25  Drone x5  
  52  13:33  Drone x4  
  44  13:54  Hatchery  
  43  13:56  Zergling x2  
  43  13:57  Zergling x6  
  47  14:16  Zergling x8  
  51  14:26  Zergling x2  
  51  14:27  Zergling x10  
  57  14:38  Zergling x4  
  59  14:47  Zergling x4  
  61  15:06  Chitinous Plating  
  61  15:08  Zerg Ground Armor Level 3, Zerg Melee Weapons Level 3  
  61  15:26  Ultralisk  
  61  15:27  Zergling x10, Ultralisk x2  
  61  15:28  Zergling x16  
  91  15:36  Drone  
  63  16:25  Anabolic Synthesis  
  62  16:26  Zergling x20  
  62  16:27  Zergling x10  
  77  16:33  Hatchery  
  76  16:56  Ultralisk x2  
  81  17:39  Drone x10  
  91  18:07  Zergling x2  
  91  18:08  Zergling x14  
  50  18:44  Zergling x2  
  50  18:45  Zergling x22  
  56  18:58  Zergling x2  
  56  18:59  Zergling x4  
  59  19:25  Zergling x2, Ultralisk x3  
  59  19:26  Zergling x6  
  67  20:08  Hydralisk Den  
  55  20:35  Hatchery  
Show
View Real Time Build Order
Export as new Build Order

Nyck Terran 

Build Orders:  

Get SALT Encoding   

  12  0:01  SCV  
  13  0:13  SCV  
  14  0:17  Supply Depot  
  14  0:25  SCV  
  15  0:40  SCV  
  15  0:41  Barracks  
  16  0:52  SCV  
  17  1:04  SCV  
  18  1:15  Refinery  
  18  1:17  Refinery  
  18  1:28  Orbital Command  
  18  1:31  Barracks  
  18  1:48  Barracks Tech Lab  
  18  1:55  SCV  
  19  2:07  Marauder  
  21  2:10  Concussive Shells  
  21  2:12  SCV  
  22  2:20  Supply Depot  
  22  2:24  SCV  
  22  2:25  Barracks Tech Lab  
  23  2:30  Command Center  
  23  2:41  SCV  
  23  2:42  Marauder  
  26  2:47  Supply Depot  
  26  2:48  Marauder  
  28  2:54  SCV  
  29  3:06  Marauder  
  29  3:11  Supply Depot  
  31  3:13  Marauder  
  33  3:21  Factory  
  33  3:24  SCV  
  34  3:28  Refinery  
  34  3:39  Marauder  
  34  3:41  Marauder  
  38  3:42  SCV  
  39  3:52  Orbital Command  
  39  3:57  SCV  
  40  4:06  Engineering Bay  
  32  4:36  SCV x2  
  32  4:47  Factory Tech Lab  
  32  4:48  Missile Turret, SCV x2  
  32  4:51  Marine x2  
  36  5:02  SCV x2  
  32  5:28  SCV x2  
  30  5:39  Siege Tank  
  30  5:40  SCV x2  
  35  5:53  SCV x2  
  37  6:10  Marauder x2  
  41  6:21  SCV  
  41  6:22  SCV  
  43  6:30  Siege Tank  
  50  6:32  Marauder  
  50  6:33  Marauder, SCV  
  50  6:34  SCV  
  50  6:37  Terran Infantry Weapons Level 1  
  52  6:46  SCV x2  
  54  6:56  Marauder x2  
  54  6:58  SCV x2  
  60  7:01  Supply Depot  
  60  7:05  Engineering Bay  
  60  7:08  Supply Depot  
  60  7:12  SCV x2  
  60  7:14  Armory  
  62  7:24  Supply Depot, SCV x2  
  64  7:30  Supply Depot  
  64  7:36  Refinery, SCV x2  
  66  7:48  SCV  
  66  7:49  SCV  
  66  7:51  Command Center  
  68  7:54  Supply Depot  
  68  7:56  Terran Infantry Armor Level 1  
  69  8:12  SCV  
  69  8:13  SCV  
  70  8:21  Supply Depot  
  70  8:25  Terran Vehicle And Ship Armor Level 1  
  70  8:27  Starport  
  70  8:38  Starport  
  70  8:39  Starport  
  70  8:40  Starport  
  70  8:43  Terran Infantry Weapons Level 2  
  70  8:49  SCV x2  
  72  9:01  Marauder x2, SCV x2  
  72  9:02  Siege Tank  
  75  9:46  SCV x2  
  71  9:53  Marine  
  71  9:54  Marauder  
  72  10:04  Starport Tech Lab x2  
  72  10:05  Starport Tech Lab x2  
  72  10:11  Marauder  
  74  10:22  Orbital Command  
  74  10:28  Fusion Core  
  74  10:30  SCV x2  
  74  10:32  Marauder  
  74  10:33  Siege Tank  
  81  10:38  Terran Ship Weapons Level 1  
  81  10:49  SCV x3  
  84  10:54  Refinery  
  84  10:56  Refinery  
  84  11:01  SCV x3  
  87  11:13  SCV x3  
  87  11:16  Armory  
  87  11:18  Battlecruiser x4  
  108  11:25  SCV x3  
  117  11:37  Neosteel Armor, SCV x2  
  117  11:38  SCV  
  117  11:39  Hi-Sec Auto Tracking  
  120  11:42  Weapon Refit  
  120  11:46  Command Center  
  120  12:04  Supply Depot  
  120  12:26  Battlecruiser  
  126  12:32  SCV  
  126  12:33  SCV x2  
  129  12:44  SCV  
  129  12:48  Viking  
  132  12:57  Viking, SCV  
  132  12:58  Battlecruiser, SCV x2  
  143  13:01  Orbital Command  
  143  13:06  Refinery  
  143  13:10  SCV x3  
  146  13:18  Viking  
  148  13:38  Refinery  
  148  13:40  Terran Vehicle And Ship Armor Level 2  
  148  14:35  Supply Depot, SCV x4  
  148  14:36  Battlecruiser x2  
  164  14:40  Terran Ship Weapons Level 2  
  164  14:57  Battlecruiser, SCV x2  
  164  14:58  Supply Depot  
  172  15:10  Command Center  
  165  15:20  SCV x2  
  162  15:23  Supply Depot  
  162  15:24  Marine  
  162  15:36  Command Center  
  153  15:44  SCV x2  
  153  15:48  Supply Depot  
  155  15:52  Siege Tank  
  158  16:01  Battlecruiser, Marine, SCV  
  158  16:02  Terran Vehicle And Ship Armor Level 3  
  166  16:08  Marine  
  166  16:09  Battlecruiser x2  
  179  16:21  Battlecruiser  
  185  16:29  Refinery, SCV x2  
  185  16:31  Refinery  
  187  16:33  Marine x2  
  187  16:35  Hellion  
  187  16:38  Infernal Pre-Igniter  
  189  17:06  Battlecruiser  
  194  17:13  Command Center  
  192  17:20  Command Center  
  184  17:32  Supply Depot, Battlecruiser  
  184  17:33  Terran Ship Weapons Level 3  
  190  17:46  Battlecruiser  
  190  17:48  Marine x2  
  198  17:54  Supply Depot, SCV x2  
  150  18:30  Battlecruiser x2  
  98  19:13  Planetary Fortress  
  98  19:17  Orbital Command  
  73  20:12  Viking x2  
  73  20:13  Viking  
  70  20:14  Marine  
  71  20:24  Orbital Command  
Tags
 
Add a new tag
Caveats
  • Supply blocks, unpowered buildings, or Contaminate may cause inaccurate times.
  • Supply counts are checked every 10 seconds.